 Seeded DCSS version 0.27-a0-95-g5a9077b (webtiles) character file.

Game seed: 3266325669557040657 (custom seed)

1255 brinewave the Sneak (level 8, -3/63 HPs)
             Began as a Human Artificer on Jan 17, 2021.
             Was a Follower of Wu Jian.
             Slain by an orc warrior
             ... wielding a +0 trident
              (14 damage)
             ... on level 6 of the Dungeon on Jan 18, 2021.
             The game lasted 01:00:15 (11080 turns).

brinewave the Sneak (Human Artificer)              Turns: 11080, Time: 01:00:16

Health: -3/63      AC:  7    Str: 13    XL:     8   Next: 80%
Magic:  8/8        EV: 11    Int: 13    God:    Wu Jian [*.....]
Gold:   311        SH:  0    Dex: 14    Spells: 7/7 levels left

rFire    . . .     SeeInvis .   i - +1 dagger
rCold    . . .     Faith    .   (no shield)
rNeg     . . .     Spirit   .   b - +0 leather armour
rPois    .         Reflect  .   k - +0 helmet
rElec    .         Harm     .   H - +0 cloak
rCorr    .         Rampage  .   w - +1 pair of gloves
Will     .....                  (no boots)
Stlth    ++++......             o - amulet of regeneration
HPRegen  0.60/turn              F - ring of stealth
MPRegen  0.11/turn              (no ring)

@: no status effects
A: no striking features
a: Renounce Religion


You were on level 6 of the Dungeon.
You worshipped Wu Jian.
Wu Jian was aware of your devotion.
You visited 2 branches of the dungeon, and saw 8 of its levels.
You also visited: Sewer.

You collected 311 gold pieces.

Inventory:

Hand Weapons
 i - a +1 dagger (weapon)
 l - a +0 falchion
 p - a cursed +0 short sword
 r - a +0 hand axe
 t - a +0 short sword
 u - a +0 whip
 C - a +0 spear
 D - a +0 rapier
 G - a +3 quarterstaff of chaos
 I - a +0 quarterstaff
Missiles
 a - 69 arrows
 c - 45 bolts
 m - a throwing net
 E - 22 poisoned darts (quivered)
Armour
 b - a +0 leather armour (worn)
 g - a +0 robe
 k - a +0 helmet (worn)
 w - a +1 pair of gloves (worn)
 H - a +0 cloak (worn)
Jewellery
 o - an amulet of regeneration (around neck)
 F - a ring of stealth (left hand)
Wands
 d - a wand of enslavement (13)
 e - a wand of random effects (15)
 x - a wand of polymorph (7)
 B - a wand of paralysis (22)
Scrolls
 n - 3 scrolls of teleportation
 s - 3 scrolls of remove curse
 y - 2 scrolls of identify
 J - a scroll of holy word {unknown}
Potions
 f - a potion of magic
 h - 5 potions of flight
 j - 3 potions of haste
 q - 2 potions of heal wounds
 v - a potion of curing
 z - a potion of might
 A - 2 potions of brilliance


   Skills:
 + Level 5.6 Fighting
 + Level 5.4 Short Blades
 - Level 2.0 Armour
 - Level 1.0 Dodging
 + Level 5.8 Stealth
 + Level 4.0 Evocations


You had 7 spell levels left.
You didn't know any spells.
Your spell library was empty.

Dungeon Overview and Level Annotations

Branches:
Dungeon (7/15)             Temple (1/1) D:4           Sewer (visited)

Altars:
Ashenzari
Cheibriados
Dithmenos
Elyvilon
Fedhas
Gozag
Hepliaklqana
Kikubaaqudgha
Makhleb
Nemelex Xobeh
Okawaru
Qazlal
Ru
Sif Muna
Trog
Uskayaw
Wu Jian
Xom
Yredelemnul
The Shining One

Shops:
D:7 [


Message History

You throw a poisoned dart. The poisoned dart hits the orc warrior.
The orc warrior is poisoned.
The orc warrior is heavily wounded.
The orc warrior hits you but does no damage.
You hit the orc warrior.
The orc warrior is heavily wounded.
The orc warrior hits you with a +0 trident!
You hit the orc warrior.
The orc warrior is severely wounded.
You barely miss the orc warrior.
The orc warrior is severely wounded.
The orc warrior hits you with a +0 trident!
You hit the orc warrior but do no damage.
The orc warrior is severely wounded.
The orc warrior hits you with a +0 trident!
The orc warrior hits you from afar with a +0 trident!
* * * LOW HITPOINT WARNING * * *
There is a stone staircase leading up, spattered with blood here.
The orc warrior hits you from afar with a +0 trident!
You die...

#.###......#..##.........#
..#.......###..#.........#
........#.# ............######.
#.......### ....................
#........### .####...............
.........#.##..##..........## ...
..............# #.##.......# ...
.........##..####).........###...
..........#..##.@)......#........
.........#..((o..#).....##.......
.........#.(###..#......##...####
.#...........###.................
.##.........###...>..#...........
#.....#.#..## ##....###.....#..##
..##.#####o# #......####..###...
..#..# #..# #...##..#####.###...
.....# #..# ##..##..#.....#.#...


You could see an orc warrior (poisoned).

Vanquished Creatures
  A sky beast (D:5)
  An ogre (D:5)
  A big kobold (Sewer)
  3 bullfrogs
  2 scorpions
  A jelly (D:5)
  A gnoll shaman (D:5)
  A centaur skeleton (D:4)
  3 hounds
  4 orc wizards
  Crazy Yiuf (D:5)
  2 worker ants
  A howler monkey zombie (D:6)
  11 adders
  9 gnolls
  A shadow imp (D:6)
  A white imp (D:6)
  2 ufetubi
  An ooze (D:6)
  3 adder skeletons
  5 worms
  5 leopard geckos
  16 orcs
  6 giant cockroaches
  6 goblins
  5 hobgoblins
  13 jackals
  11 kobolds
  2 quokkas
  5 bats
  7 frilled lizards
  A leopard gecko skeleton (D:4)
  A leopard gecko zombie (D:5)
  A quokka zombie (D:5)
  12 rats
146 creatures vanquished.

Vanquished Creatures (others)
  3 fungi (D:5)
3 creatures vanquished.

Grand Total: 149 creatures vanquished

Notes
Turn   | Place    | Note
-------+----------+-------------------------------------------
     0 | D:1      | brinewave the Human Artificer began the quest for the Orb.
     0 | D:1      | Reached XP level 1. HP: 15/15 MP: 1/1
   433 | D:1      | Reached XP level 2. HP: 20/21 MP: 2/2
   844 | D:1      | Reached skill level 1 in Short Blades
   867 | D:1      | Reached XP level 3. HP: 27/27 MP: 3/3
  1345 | D:2      | Reached XP level 4. HP: 33/33 MP: 4/4
  1400 | D:2      | You fall into a shaft and drop 1 floor!
  1408 | D:3      | Found a sparkling altar of Nemelex Xobeh.
  1695 | D:3      | Found a glowing drain.
  1699 | Sewer    | Entered a sewer
  1812 | Sewer    | Noticed a big kobold
  1844 | Sewer    | Killed a big kobold
  1845 | Sewer    | Reached XP level 5. HP: 21/39 MP: 5/5
  2028 | Sewer    | Found a glowing silver altar of Zin.
  2730 | D:2      | Found a sacrificial altar of Ru.
  3316 | D:3      | Reached XP level 6. HP: 34/46 MP: 6/6
  5513 | D:4      | Found a staircase to the Ecumenical Temple.
  5559 | Temple   | Entered the Ecumenical Temple
  5630 | Temple   | Became a worshipper of the Wu Jian Council
  6164 | Temple   | Reached XP level 7. HP: 32/52 MP: 7/7
  6739 | D:4      | Found an opulent altar of Gozag.
  7229 | D:5      | Entered Level 5 of the Dungeon
  8999 | D:5      | Found a runed translucent door.
  9000 | D:5      | Noticed Crazy Yiuf
  9008 | D:5      | Killed Crazy Yiuf
  9258 | D:5      | Reached XP level 8. HP: 25/61 MP: 8/8
  9502 | D:5      | Reached skill level 5 in Stealth
  9632 | D:5      | Reached * piety under Wu Jian
  9633 | D:5      | Reached skill level 5 in Fighting
 10059 | D:6      | Reached skill level 5 in Short Blades
 10923 | D:7      | Found a stormy altar of Qazlal.
 10963 | D:7      | Found Mequef's Antique Armour Shoppe.
 11080 | D:6      | Slain by an orc warrior

Illustrated notes

Levels and vault maps discovered:
D:1:      onia_arrival_pyramid, layout_basic
D:2:      layout_basic, nicolae_overflow_crystal_walls, lemuel_another_geyser
D:3:      layout_loops_corners, overflow_temple_1_default, gup_sewer_entry_bowl
D:4:      layout_rooms, overflow_temple_1_default,
          minmay_temple_entry_antechambers
D:5:      layout_basic, uniq_crazy_yiuf_cottage
D:6:      layout_cave_pools, general_overflow_altar
D:7:      layout_gridville, nicolae_qazlal_general_emergency, enter_bailey_2,
          serial_shops, shop
Temple:   eino_temple_scatter_basement

Skill      XL: |  1  2  3  4  5  6  7  8 |
---------------+-------------------------+-----
Short Blades   | 1 2 3 4 5 |  5.4
Fighting       | 2 3 4 5 |  5.6
Stealth        | 2 3 4 5 |  5.8
Evocations     | 4 |  4.0
Armour         | |  2.0
Dodging        | |  1.0

Action                   |  1- 3 |  4- 6 |  7- 9 || total
-------------------------+-------+-------+-------++-------
Melee: Dagger            |   119 |   463 |   647 ||  1229
Throw: Stone             |       |    10 |       ||    10
       Dart              |       |       |    23 ||    23
Invok: Lunge             |       |       |     9 ||     9
       Whirlwind         |       |       |     7 ||     7
Evoke: Wand              |     9 |     7 |    16 ||    32
  Use: Scroll            |     6 |     5 |     8 ||    19
       Potion            |       |       |     4 ||     4
 Stab: Sleeping          |     2 |     5 |     4 ||    11
Armor: Leather armour    |    40 |   121 |   166 ||   327
Dodge: Dodged            |    75 |   225 |   235 ||   535

Table legend: (Time is in decaauts)
 A = Elapsed time spent in this place.
 B = Non-inter-level travel time spent in this place.
 C = Inter-level travel time spent in this place.
 D = Time resting spent in this place.
 E = Time spent auto-exploring this place.
 F = Levels seen in this place.
 G = Mean time per level.
                   A        B        C        D        E       F      G
               +--------+--------+--------+--------+--------+-----+--------+
         Total |  10945 |  10667 |    278 |   4853 |   1843 |   9 | 1216.1 |
       Dungeon |   9860 |   9601 |    259 |   4254 |   1609 |   7 | 1408.6 |
        Temple |    636 |    617 |     19 |    424 |    116 |   1 |  636.0 |
         Sewer |    448 |    448 |      0 |    175 |    118 |   1 |  448.0 |
               +--------+--------+--------+--------+--------+-----+--------+

Top non-repeatable levels by time:
     D:5: 2532 daAuts
     D:3: 2001 daAuts
     D:4: 1860 daAuts
     D:2: 1608 daAuts
     D:1: 1182 daAuts
  Temple: 636 daAuts
     D:6: 584 daAuts
   Sewer: 448 daAuts
     D:7: 91 daAuts
